[Event "42nd Olympiad Baku 2016 Women"]
[Site "Baku"]
[Date "2016.09.03"]
[Round "2.8"]
[White "Ubaldo Suarez, Maria Gisela"]
[Black "Gara, Anita"]
[Result "0-1"]
[ECO "A41"]
[WhiteElo "2062"]
[BlackElo "2355"]
[Annotator ""]
[PlyCount "78"]
[EventDate "2016.??.??"]
[EventCountry "AZE"]
[SourceTitle "playchess.com"]
[Source "ChessBase"]
[WhiteTeam "Venezuela"]
[BlackTeam "Hungary"]
[WhiteTeamCountry "VEN"]
[BlackTeamCountry "HUN"]
[TimeControl "40/5400+30:1800+30"]

1. d4 {(00:00)} d6 {(00:00)} 2. Nf3 {(00:37)} Nf6 {
(00:20)} 3. c4 {(00:13)} g6 {(00:09)} 4. Nc3 {(00:
05)} Bf5 {(00:32)} 5. g3 {(01:20)} Ne4 {(01:35)} 6. Qb3 {
(04:31)} Nxc3 {(02:53)} 7. bxc3 {(01:46)} Be4 {(06:
50)} 8. Bg2 {(02:25)} Bg7 {(00:44)} 9. O-O {(03:48)} O-O {
(00:11)} 10. Be3 {(07:49)} b6 {(08:35)} 11. Rfd1 {(
04:24)} Nc6 {(02:11)} 12. Nd2 {(06:24)} Bxg2 {(00:31)} 13.
Kxg2 {(00:05)} Qc8 {(04:29)} 14. Qb5 {(08:03)} Qb7 {
(07:19)} 15. Kg1 {(02:16)} Rfe8 {(04:21)} 16. Rac1 {
(03:31)} e5 {(05:58)} 17. Nf3 {(05:31)} e4 {(07:52]
} 18. Ne1 {(08:13)} Na5 {(05:38)} 19. c5 {(06:40)} d5 {
(02:38)} 20. Nc2 {(05:22)} c6 {(09:01)} 21. Qb4 {(
12:04)} Qa6 {(02:54)} 22. cxb6 {(04:13)} axb6 {(00:37)}
23. Kf1 {(02:20)} Nc4 {(00:52)} 24. Qb3 {(00:38)} Bf8 {
(01:42)} 25. Ra1 {(01:00)} Ra7 {(03:06)} 26. a4 {(
00:40)} Rea8 {(00:21)} 27. Bf4 {(01:14)} Qc8 {(04:52)} 28.
Kg2 {(03:10)} Qg4 {(02:53)} 29. Re1 {(00:29)} h5 {(
01:41)} 30. h3 {(02:56)} Qf5 {(00:19)} 31. Ra2 {(00:18)}
h4 {(05:43)} 32. Ne3 {(02:22)} Nxe3+ {(00:04)} 33. Bxe3 {
(00:11)} hxg3 {(00:43)} 34. fxg3 {(00:20)} Ra6 {(
00:40)} 35. Rf1 {(00:36)} Qe6 {(01:52)} 36. Rfa1 {(00:43)}
Bd6 {(00:23)} 37. Qb1 {(00:21)} Kg7 {(00:41)} 38. Qf1 {
(00:33)} Rh8 {(00:45)} 39. h4 {(01:22)} Rxh4 {(01:
35)} 0-1

[Event "42nd Olympiad Baku 2016 Women"]
[Site "Baku"]
[Date "2016.09.03"]
[Round "2.13"]
[White "Unuk, Laura"]
[Black "Repkova, Eva"]
[Result "1/2-1/2"]
[ECO "E06"]
[WhiteElo "2332"]
[BlackElo "2332"]
[Annotator ""]
[PlyCount "62"]
[EventDate "2016.??.??"]
[EventCountry "AZE"]
[SourceTitle "playchess.com"]
[Source "ChessBase"]
[WhiteTeam "Slovenia"]
[BlackTeam "Slovakia"]
[WhiteTeamCountry "SLO"]
[BlackTeamCountry "SVK"]
[TimeControl "40/5400+30:1800+30"]

1. d4 {(00:00)} e6 {(00:00)} 2. c4 {(00:01)} Nf6 {(
00:02)} 3. Nf3 {(00:28)} d5 {(00:10)} 4. g3 {(00:25)} Be7
{(00:08)} 5. Bg2 {(00:10)} O-O {(00:06)} 6. O-O {(
00:19)} dxc4 {(00:04)} 7. Qc2 {(00:27)} b6 {(00:12)} 8.
Nbd2 {(08:18)} Bb7 {(03:53)} 9. Nxc4 {(00:23)} Nbd7 {
(05:55)} 10. Rd1 {(10:44)} Be4 {(03:42)} 11. Qb3 {(
04:32)} c5 {(05:39)} 12. Nfe5 {(10:16)} Bxg2 {(09:19)} 13.
Kxg2 {(00:05)} Qc7 {(04:39)} 14. Nxd7 {(06:23)} Nxd7 {
(00:06)} 15. Bf4 {(00:19)} Qc6+ {(01:03)} 16. Qf3 {
(04:24)} Qxf3+ {(00:07)} 17. Kxf3 {(00:12)} Rfd8 {(
01:53)} 18. dxc5 {(08:38)} Nxc5 {(00:14)} 19. Ne5 {(01:16]
} Bf6 {(06:48)} 20. h4 {(08:25)} Rac8 {(03:00)} 21. Rac1 {
(04:40)} Rxd1 {(06:29)} 22. Rxd1 {(00:05)} Bxe5 {(
00:10)} 23. Bxe5 {(00:13)} f6 {(00:03)} 24. Bf4 {(03:52)}
e5 {(02:14)} 25. Be3 {(00:29)} Ne6 {(00:03)} 26. Rd6 {
(08:00)} Nf8 {(00:16)} 27. Bd2 {(01:48)} Kf7 {(00:
14)} 28. Bb4 {(01:07)} Rc7 {(04:31)} 29. a3 {(01:41)} Ne6
{(00:11)} 30. Ke4 {(01:24)} Nd4 {(05:32)} 31. e3 {(
01:48)} Nc6 {(04:20)} 1/2-1/2

[Event "42nd Olympiad Baku 2016 Women"]
[Site "Baku"]
[Date "2016.09.03"]
[Round "2.7"]
[White "Ushenina, Anna"]
[Black "Hincu, Olga"]
[Result "1-0"]
[ECO "D38"]
[WhiteElo "2457"]
[BlackElo "2125"]
[Annotator ""]
[PlyCount "57"]
[EventDate "2016.??.??"]
[EventCountry "AZE"]
[SourceTitle "playchess.com"]
[Source "ChessBase"]
[WhiteTeam "Ukraine"]
[BlackTeam "Moldova"]
[WhiteTeamCountry "UKR"]
[BlackTeamCountry "MDA"]
[TimeControl "40/5400+30:1800+30"]

1. d4 {(00:00)} d5 {(00:00)} 2. c4 {(00:10)} e6 {(
00:00)} 3. Nc3 {(00:18)} Nf6 {(00:00)} 4. Nf3 {(00:52)}
Bb4 {(00:00)} 5. cxd5 {(02:03)} exd5 {(00:00)} 6. Bg5 {
(00:16)} O-O {(00:14)} 7. e3 {(06:44)} c5 {(00:09)}
8. Rc1 {(27:30)} c4 {(03:53)} 9. Nd2 {(01:31)} Bxc3 {
(05:00)} 10. bxc3 {(02:07)} h6 {(01:55)} 11. Bh4 {(
01:42)} g5 {(06:21)} 12. Bg3 {(00:53)} Nc6 {(02:06)} 13.
Qc2 {(02:10)} Re8 {(04:56)} 14. Be2 {(00:54)} b5 {(
03:16)} 15. Rb1 {(13:34)} Bd7 {(09:27)} 16. h4 {(05:44)}
Qc8 {(08:15)} 17. Qc1 {(08:59)} g4 {(08:53)} 18. h5 {
(07:28)} a5 {(16:12)} 19. Bf4 {(00:21)} Kh7 {(04:
57)} 20. Rxb5 {(08:12)} Nxd4 {(00:11)} 21. cxd4 {(04:45)}
Bxb5 {(00:22)} 22. Qb1+ {(00:02)} Kg8 {(04:39)} 23. Qxb5 {
(00:04)} c3 {(03:32)} 24. Nb3 {(00:05)} c2 {(02:23]
} 25. O-O {(00:40)} Nxh5 {(01:40)} 26. Be5 {(02:06)} Qf5 {
(09:58)} 27. Bd3 {(01:47)} Qg5 {(00:20)} 28. Bxc2 {
(00:21)} g3 {(01:42)} 29. Qd3 {(00:14)} 1-0

[Event "42nd Olympiad Baku 2016 Women"]
[Site "Baku"]
[Date "2016.09.03"]
[Round "2.17"]
[White "Vega Gutierrez, Sabrina"]
[Black "Narva, Mai"]
[Result "1-0"]
[ECO "B67"]
[WhiteElo "2411"]
[BlackElo "2238"]
[Annotator ""]
[PlyCount "121"]
[EventDate "2016.??.??"]
[EventCountry "AZE"]
[SourceTitle "playchess.com"]
[Source "ChessBase"]
[WhiteTeam "Spain"]
[BlackTeam "Estonia"]
[WhiteTeamCountry "ESP"]
[BlackTeamCountry "EST"]
[TimeControl "40/5400+30:1800+30"]

1. e4 {(00:00)} c5 {(00:00)} 2. Nf3 {(00:01)} Nc6 {
(00:00)} 3. d4 {(00:13)} cxd4 {(00:04)} 4. Nxd4 {(
00:09)} Nf6 {(00:10)} 5. Nc3 {(00:07)} d6 {(00:13)} 6. Bg5
{(00:23)} e6 {(00:20)} 7. Qd2 {(00:25)} a6 {(00:15]
} 8. O-O-O {(00:28)} Bd7 {(00:14)} 9. f4 {(00:31)} b5 {
(00:31)} 10. a3 {(00:35)} Qb6 {(03:53)} 11. e5 {(
00:44)} dxe5 {(07:46)} 12. Nf3 {(00:27)} Nd5 {(40:59)} 13.
Nxd5 {(14:29)} exd5 {(00:22)} 14. Nxe5 {(00:21)} Be6 {
(09:02)} 15. Nxc6 {(01:48)} Qxc6 {(00:09)} 16. Re1 {
(03:34)} Kd7 {(03:34)} 17. Bd3 {(18:05)} f6 {(01:
22)} 18. f5 {(07:05)} Bf7 {(00:44)} 19. Bf4 {(00:10)} Bc5
{(10:20)} 20. Be4 {(19:01)} Rad8 {(06:10)} 21. Bf3 {
(00:46)} Kc8 {(01:13)} 22. b4 {(08:40)} Bd6 {(05:
37)} 23. Bxd6 {(00:33)} Qxd6 {(00:20)} 24. Qd4 {(00:13)}
Kb8 {(05:02)} 25. Re3 {(06:37)} Rc8 {(01:14)} 26. Be2 {
(00:24)} Rhe8 {(01:57)} 27. Rxe8 {(00:11)} Rxe8 {(
00:07)} 28. Bd3 {(00:15)} Kb7 {(00:57)} 29. Kd2 {(05:46)}
Qe5 {(01:05)} 30. c3 {(00:05)} Re7 {(00:44)} 31. g3 {
(00:45)} Bh5 {(00:26)} 32. Rf1 {(07:35)} Bf7 {(00:
34)} 33. Qxe5 {(04:37)} Rxe5 {(00:29)} 34. Bc2 {(01:08)}
Bh5 {(00:32)} 35. Rf2 {(00:32)} Bg4 {(00:30)} 36. Bd3 {
(00:39)} Re7 {(00:28)} 37. Rf4 {(00:15)} h5 {(00:
27)} 38. Rf1 {(00:43)} Re5 {(00:25)} 39. Rf4 {(00:35)} Kb6
{(00:31)} 40. Rf2 {(00:00)} Kb7 {(00:00)} 41. Bc2 {
(12:40)} Kb6 {(02:44)} 42. Bd1 {(00:10)} Bxd1 {(16:
55)} 43. Kxd1 {(00:11)} Kc6 {(00:21)} 44. Kd2 {(01:11)}
Kd6 {(07:03)} 45. Rf1 {(01:12)} Re4 {(02:09)} 46. a4 {
(02:55)} Ke5 {(02:01)} 47. axb5 {(00:26)} axb5 {(
00:05)} 48. Ra1 {(00:52)} Kxf5 {(00:42)} 49. Ra5 {(00:07)}
h4 {(00:36)} 50. Rxb5 {(00:33)} Ke5 {(01:16)} 51. Rb7 {
(00:37)} Rg4 {(01:15)} 52. Re7+ {(06:55)} Kd6 {(00:
38)} 53. Re3 {(00:03)} f5 {(01:23)} 54. Rf3 {(01:01)} g6 {
(00:27)} 55. Rf4 {(01:24)} Rg5 {(00:30)} 56. Rxh4 {
(00:12)} Kc6 {(00:34)} 57. Ke3 {(00:26)} Kb5 {(00:
28)} 58. Kf4 {(01:03)} Rg4+ {(00:25)} 59. Rxg4 {(00:03)}
fxg4 {(00:07)} 60. Ke5 {(01:08)} Kc4 {(00:16)} 61. b5 {
(00:27)} 1-0

[Event "42nd Olympiad Baku 2016 Women"]
[Site "Baku"]
[Date "2016.09.03"]
[Round "2.32"]
[White "Vega Jimenez, Keyshla M"]
[Black "Prasad, Tanvi"]
[Result "1-0"]
[ECO "C44"]
[WhiteElo "1641"]
[BlackElo "1339"]
[Annotator ""]
[PlyCount "75"]
[EventDate "2016.??.??"]
[EventCountry "AZE"]
[SourceTitle "playchess.com"]
[Source "ChessBase"]
[WhiteTeam "Puerto Rico"]
[BlackTeam "Fiji"]
[WhiteTeamCountry "PUR"]
[BlackTeamCountry "FIJ"]
[TimeControl "40/5400+30:1800+30"]

1. e4 {(00:00)} e5 {(00:00)} 2. Nf3 {(00:00)} Nc6 {
(00:00)} 3. d4 {(00:00)} exd4 {(01:00)} 4. Nxd4 {(
00:03)} Nf6 {(01:11)} 5. Nc3 {(00:19)} g6 {(01:30)} 6.
Nxc6 {(02:00)} bxc6 {(00:16)} 7. Bg5 {(00:19)} Be7 {
(04:15)} 8. Bd3 {(03:54)} h6 {(02:54)} 9. Be3 {(02:
30)} d5 {(02:13)} 10. exd5 {(08:11)} cxd5 {(00:19)} 11. h3
{(03:47)} d4 {(01:20)} 12. Bxd4 {(00:22)} Qxd4 {(
00:33)} 13. Bb5+ {(00:16)} Bd7 {(01:48)} 14. Qxd4 {(00:08]
} Bxb5 {(00:46)} 15. Nxb5 {(00:20)} O-O {(02:01)} 16. O-O
{(02:02)} Rad8 {(00:51)} 17. Qe3 {(00:21)} Bd6 {(
01:43)} 18. Nxd6 {(00:36)} cxd6 {(03:02)} 19. Qxh6 {(00:
22)} Nh7 {(01:40)} 20. f4 {(00:34)} f5 {(01:42)} 21. Qxg6+
{(01:12)} Kh8 {(00:36)} 22. Rae1 {(01:07)} Rg8 {(
01:04)} 23. Qxf5 {(00:45)} Rdf8 {(03:11)} 24. Qh5 {(01:14]
} a6 {(00:53)} 25. Re7 {(00:18)} Rg7 {(00:25)} 26. Rxg7 {
(00:19)} Kxg7 {(00:16)} 27. f5 {(00:54)} Kg8 {(01:
29)} 28. Rf4 {(01:01)} Rf7 {(00:44)} 29. Qg6+ {(03:08)}
Rg7 {(00:52)} 30. Qe8+ {(00:21)} Nf8 {(00:34)} 31. f6 {
(00:17)} Rg5 {(00:49)} 32. Rg4 {(00:30)} Rxg4 {(00:
19)} 33. hxg4 {(00:05)} a5 {(00:32)} 34. g5 {(00:12)} d5 {
(00:52)} 35. g6 {(00:10)} a4 {(00:42)} 36. g7 {(00:
05)} a3 37. gxf8=Q+ Kh7 {(01:43)} 38. Qh5# {(00:36)} 1-0

[Event "42nd Olympiad Baku 2016 Women"]
[Site "Baku"]
[Date "2016.09.03"]
[Round "2.12"]
[White "Velieva, Hurma"]
[Black "Fuchs, Judith"]
[Result "0-1"]
[ECO "B32"]
[WhiteElo "1994"]
[BlackElo "2287"]
[Annotator ""]
[PlyCount "70"]
[EventDate "2016.??.??"]
[EventCountry "AZE"]
[SourceTitle "playchess.com"]
[Source "ChessBase"]
[WhiteTeam "Turkmenistan"]
[BlackTeam "Germany"]
[WhiteTeamCountry "TKM"]
[BlackTeamCountry "GER"]
[TimeControl "40/5400+30:1800+30"]

1. e4 c5 2. Nf3 Nc6 3. d4 cxd4 {(00:00)} 4. Nxd4 {(00:15)} Qb6 {
(00:10)} 5. Nb3 {(05:57)} Nf6 {(00:44)} 6. Nc3 {(
01:01)} e6 {(00:28)} 7. Be3 {(03:06)} Qc7 {(00:18)} 8. Nb5
{(09:05)} Qb8 {(03:36)} 9. f3 {(08:23)} a6 {(04:03]
} 10. Nc3 {(01:53)} b5 {(02:29)} 11. a3 {(00:47)} Be7 {
(08:23)} 12. Be2 {(03:08)} O-O {(01:58)} 13. g4 {(
14:51)} Ne5 {(15:03)} 14. g5 {(14:27)} d6 {(02:03)} 15.
Qd2 {(00:30)} Nfd7 {(00:30)} 16. O-O {(02:40)} Nb6 {
(05:25)} 17. Na5 {(05:15)} Qc7 {(03:04)} 18. f4 {(
01:24)} Nec4 {(02:42)} 19. Nxc4 {(00:30)} Nxc4 {(00:15)}
20. Bxc4 {(00:39)} Qxc4 {(05:20)} 21. b3 {(13:33)} Qc6 {
(03:12)} 22. f5 {(00:19)} exf5 {(20:02)} 23. Nd5 {(
00:11)} Bd8 {(02:15)} 24. exf5 {(00:29)} Bb7 {(00:22)} 25.
Rad1 {(00:40)} Rc8 {(02:33)} 26. Rf2 {(00:09)} Re8 {
(01:16)} 27. Qc1 {(07:36)} Re5 {(01:51)} 28. Rfd2 {
(01:26)} Rxe3 {(01:39)} 29. Nxe3 {(00:01)} Qh1+ {(
00:24)} 30. Kf2 {(00:05)} Qf3+ {(00:58)} 31. Ke1 {(01:25)}
Qxe3+ {(01:35)} 32. Re2 {(00:13)} Qg1+ {(00:48)} 33. Kd2 {
(00:17)} Bxg5+ {(02:17)} 34. Kd3 {(00:19)} Qc5 {(
01:10)} 35. Qxg5 {(01:06)} Qc3# 0-1

[Event "42nd Olympiad Baku 2016 Women"]
[Site "Baku"]
[Date "2016.09.03"]
[Round "2.2"]
[White "Velikic, Adela"]
[Black "Bakri, Alia Anin Azwa"]
[Result "1-0"]
[ECO "A46"]
[WhiteElo "2260"]
[BlackElo "1923"]
[Annotator ""]
[PlyCount "133"]
[EventDate "2016.??.??"]
[EventCountry "AZE"]
[SourceTitle "playchess.com"]
[Source "ChessBase"]
[WhiteTeam "Serbia"]
[BlackTeam "Malaysia"]
[WhiteTeamCountry "SRB"]
[BlackTeamCountry "MAS"]
[TimeControl "40/5400+30:1800+30"]

1. d4 {(00:00)} Nf6 {(00:00)} 2. Nf3 {(00:00)} e6 {
(00:13)} 3. e3 {(00:01)} d5 {(01:38)} 4. c4 {(00:
17)} Nbd7 {(03:44)} 5. Nbd2 {(02:22)} Be7 {(01:22)} 6. Bd3
{(01:05)} O-O {(03:26)} 7. O-O {(01:03)} dxc4 {(01:
37)} 8. Nxc4 {(00:43)} c5 {(02:14)} 9. Qe2 {(09:29)} Re8 {
(14:10)} 10. Rd1 {(04:01)} Qc7 {(05:46)} 11. e4 {(
11:57)} b5 {(10:59)} 12. Na3 {(11:20)} a6 {(02:43)} 13.
Bg5 {(03:13)} cxd4 {(08:00)} 14. Rac1 {(09:09)} Qb6 {
(06:51)} 15. e5 {(05:28)} Nd5 {(01:28)} 16. Qe4 {(
01:20)} Nf8 {(02:37)} 17. Bxe7 {(07:21)} Rxe7 {(00:14)}
18. Nc2 {(00:24)} Bb7 {(01:42)} 19. Qh4 {(00:50)} Rc7 {
(02:52)} 20. Ncxd4 {(03:43)} Rac8 {(03:42)} 21. Ra1 {
(02:48)} Ne7 {(06:56)} 22. Qg3 {(04:27)} h6 {(01:
32)} 23. h4 {(02:26)} Rd7 {(02:34)} 24. Ne2 {(08:19)} Rcd8
{(05:51)} 25. Ne1 {(02:48)} Nf5 {(01:40)} 26. Qh2 {
(01:52)} Ng6 {(05:19)} 27. h5 {(02:21)} Nge7 {(02:
23)} 28. Nf4 {(02:32)} Nc6 {(01:26)} 29. Rdc1 {(02:20)}
Nxe5 {(00:45)} 30. Bxf5 {(00:29)} exf5 {(00:02)} 31. Nh3 {
(00:25)} Ng4 {(01:06)} 32. Qf4 {(00:15)} Qf6 {(00:
31)} 33. f3 {(01:00)} Ne5 {(00:26)} 34. Nf2 {(00:11)} Rd4
{(00:30)} 35. Qg3 {(00:44)} Rd2 {(00:14)} 36. b3 {(
00:25)} f4 {(00:39)} 37. Qh3 {(00:24)} Qb6 {(00:25)} 38.
Qh4 {(00:01)} Qd4 {(00:44)} 39. Kf1 {(00:51)} Qe3 {
(00:11)} 40. Rc7 {(00:00)} Qe2+ {(00:00)} 41. Kg1 {
(01:12)} Bc8 {(07:09)} 42. Ne4 {(11:00)} Qe3+ {(12:
44)} 43. Kh2 {(05:43)} R2d5 {(06:32)} 44. Re7 {(04:58)}
Be6 {(01:39)} 45. Qf2 {(07:56)} Rd1 {(01:45)} 46. Rxd1 {
(01:57)} Rxd1 {(00:04)} 47. Re8+ {(00:07)} Kh7 {(
00:16)} 48. Qc2 {(00:38)} Nd3 {(03:06)} 49. Qxd1 {(00:45)}
Nxe1 {(00:34)} 50. Qd2 {(00:57)} Nd3 {(01:12)} 51. Rd8 {
(00:45)} Nc1 {(01:06)} 52. Qxe3 {(00:57)} fxe3 {(
00:01)} 53. Rd1 {(00:33)} Nxa2 {(00:17)} 54. Nc5 {(00:08)}
Bc8 {(01:23)} 55. Re1 {(00:15)} g6 {(00:35)} 56. hxg6+ {
(00:24)} Kxg6 {(00:02)} 57. Rxe3 {(00:07)} Nb4 {(
00:42)} 58. g4 {(01:07)} Kf6 {(00:39)} 59. Kg3 {(00:28)}
Nd5 {(00:33)} 60. Re8 {(00:50)} Be6 {(00:37)} 61. Nxa6 {
(00:35)} Nc3 {(00:17)} 62. Nc5 {(00:11)} Ne2+ {(00:
34)} 63. Kf2 {(00:13)} Nd4 {(00:22)} 64. Ke3 {(01:11)}
Nxb3 {(00:44)} 65. Rxe6+ {(00:08)} fxe6 {(00:12)} 66. Nxb3
{(00:03)} Ke5 {(00:44)} 67. Nd4 {(00:15)} 1-0

[Event "42nd Olympiad Baku 2016 Women"]
[Site "Baku"]
[Date "2016.09.03"]
[Round "2.6"]
[White "Videnova, Iva"]
[Black "Guindy, Esmat"]
[Result "0-1"]
[ECO "C11"]
[WhiteElo "2386"]
[BlackElo "2149"]
[Annotator ""]
[PlyCount "116"]
[EventDate "2016.??.??"]
[EventCountry "AZE"]
[SourceTitle "playchess.com"]
[Source "ChessBase"]
[WhiteTeam "Bulgaria"]
[BlackTeam "Denmark"]
[WhiteTeamCountry "BUL"]
[BlackTeamCountry "DEN"]
[TimeControl "40/5400+30:1800+30"]

1. e4 {(00:00)} e6 {(00:00)} 2. d4 {(00:00)} d5 {(
00:00)} 3. Nc3 {(00:00)} Nf6 {(00:00)} 4. e5 {(00:00)}
Nfd7 {(00:00)} 5. f4 {(00:00)} c5 {(00:00)} 6. Nf3 {
(00:05)} Nc6 {(00:00)} 7. Be3 {(00:11)} a6 {(00:08]
} 8. Qd2 {(00:08)} b5 {(00:09)} 9. dxc5 {(00:07)} Bxc5 {
(00:32)} 10. Bd3 {(00:36)} Qb6 {(04:13)} 11. Bf2 {(
00:20)} Bb7 {(11:18)} 12. O-O {(00:27)} O-O {(05:20)} 13.
Bxh7+ {(05:51)} Kxh7 {(01:39)} 14. Ng5+ {(00:08)} Kg8 {
(07:15)} 15. Qd3 {(00:20)} f5 {(03:01)} 16. Qh3 {(
21:56)} Rfe8 {(09:54)} 17. Qh7+ {(23:17)} Kf8 {(00:09)}
18. Qh5 {(01:18)} Ncxe5 {(19:31)} 19. fxe5 {(05:08)} Ke7 {
(00:10)} 20. Nf7 {(12:38)} Rf8 {(07:50)} 21. Nd6 {(
00:55)} Nxe5 {(04:44)} 22. Nxb7 {(00:12)} Bxf2+ {(00:37)}
23. Rxf2 {(00:09)} Ng4 {(08:08)} 24. Qg5+ {(06:05)} Ke8 {
(03:42)} 25. Qg6+ {(03:46)} Rf7 {(04:22)} 26. Raf1 {
(05:18)} Nxf2 {(01:29)} 27. Rxf2 {(00:07)} Kf8 {(
02:31)} 28. Nxd5 {(02:07)} Qxb7 {(00:55)} 29. Nf4 {(05:30]
} Rf6 {(01:36)} 30. Qh5 {(01:50)} Qe4 {(02:12)} 31. Ng6+ {
(02:41)} Kf7 {(01:37)} 32. Ne5+ {(00:58)} Kg8 {(00:
41)} 33. Ng6 {(00:45)} Qe1+ {(00:39)} 34. Rf1 {(00:06)}
Qe3+ {(00:07)} 35. Kh1 {(00:19)} Qh6 {(00:14)} 36. Qf3 {
(00:48)} Rd8 {(01:15)} 37. Ne7+ {(00:48)} Kf8 {(00:
19)} 38. Qa3 {(00:43)} Kf7 {(01:16)} 39. Nc6 {(00:45)} Re8
{(01:05)} 40. Ne5+ {(00:00)} Kg8 {(00:00)} 41. Qxa6 {
(00:31)} Qh5 {(05:03)} 42. Qxb5 {(05:38)} f4 {(02:
52)} 43. Qd7 {(05:43)} Ref8 {(03:19)} 44. Nf3 {(05:36)} g5
{(02:29)} 45. Qb5 {(01:46)} Rf5 {(04:01)} 46. Qc6 {
(03:24)} R5f6 {(02:48)} 47. Qc5 {(01:33)} Rf5 {(00:
36)} 48. Qe7 {(00:48)} Re8 {(03:40)} 49. Qd7 {(03:52)} Rd5
{(01:03)} 50. Qc6 {(01:32)} g4 {(02:06)} 51. Ng1 {(
00:24)} f3 {(01:13)} 52. gxf3 {(02:57)} Rd2 {(00:38)} 53.
Qc7 {(04:06)} e5 {(00:41)} 54. Qc4+ {(00:05)} Kh8 {
(00:09)} 55. Ne2 {(00:18)} gxf3 {(00:58)} 56. Qc6 {
(02:29)} Rxe2 {(00:57)} 57. Qf6+ {(00:20)} Kh7 {(
00:27)} 58. h4 {(00:34)} Rf8 {(01:24)} 0-1

[Event "42nd Olympiad Baku 2016 Women"]
[Site "Baku"]
[Date "2016.09.03"]
[Round "2.15"]
[White "Vidic, Teja"]
[Black "Vrbova, Niki"]
[Result "1/2-1/2"]
[ECO "B31"]
[WhiteElo "2121"]
[BlackElo "2186"]
[Annotator ""]
[PlyCount "108"]
[EventDate "2016.??.??"]
[EventCountry "AZE"]
[SourceTitle "playchess.com"]
[Source "ChessBase"]
[WhiteTeam "Slovenia"]
[BlackTeam "Slovakia"]
[WhiteTeamCountry "SLO"]
[BlackTeamCountry "SVK"]
[TimeControl "40/5400+30:1800+30"]

1. e4 {(00:00)} c5 {(00:00)} 2. Nf3 {(00:00)} Nc6 {
(00:00)} 3. Bb5 {(00:00)} g6 {(00:04)} 4. Bxc6 {(
00:00)} dxc6 {(00:06)} 5. d3 {(00:00)} Bg7 {(00:22)} 6. h3
{(00:03)} Nf6 {(01:31)} 7. Nc3 {(00:05)} b6 {(00:
23)} 8. O-O {(02:24)} O-O {(00:06)} 9. Be3 {(03:24)} Qc7 {
(02:17)} 10. Qd2 {(05:45)} e5 {(00:42)} 11. Bh6 {(
01:15)} Ne8 {(06:54)} 12. Rae1 {(07:49)} Be6 {(08:27)} 13.
Ne2 {(09:59)} Rd8 {(03:34)} 14. b3 {(06:38)} f6 {(
08:20)} 15. Bxg7 {(02:59)} Qxg7 {(02:47)} 16. Qe3 {(01:14]
} g5 {(05:56)} 17. Ng3 {(05:44)} Qg6 {(03:09)} 18. h4 {
(04:42)} h6 {(02:10)} 19. a4 {(08:32)} Ng7 {(03:59]
} 20. a5 {(06:46)} Bg4 {(04:26)} 21. hxg5 {(06:47)} hxg5 {
(00:08)} 22. Nh2 {(02:59)} Be6 {(02:35)} 23. Qe2 {(
03:40)} Kf7 {(02:44)} 24. Ng4 {(03:05)} Rh8 {(02:31)} 25.
f3 {(06:32)} Nh5 {(10:47)} 26. Nxh5 {(02:06)} Qxh5 {
(01:29)} 27. Kf2 {(03:06)} Bxg4 {(01:31)} 28. fxg4 {
(00:43)} Qh2 {(06:03)} 29. Ke3 {(00:50)} Rh4 {(02:
37)} 30. Qf3 {(04:19)} Qf4+ {(00:16)} 31. Ke2 {(01:22)}
Qxg4 {(00:55)} 32. axb6 {(01:35)} axb6 {(01:00)} 33. Ra1 {
(00:39)} Qxf3+ {(01:31)} 34. Rxf3 {(00:31)} g4 {(
09:13)} 35. Rff1 {(01:11)} b5 {(03:38)} 36. Kf2 {(00:29)}
Rh6 {(02:31)} 37. Kg3 {(00:18)} Rg6 {(00:27)} 38. Ra7+ {
(00:34)} Ke6 {(01:25)} 39. Rh1 {(00:08)} c4 {(02:
00)} 40. bxc4 {(00:00)} bxc4 {(00:00)} 41. Ra3 {(10:36)}
cxd3 {(01:22)} 42. cxd3 {(00:31)} f5 {(02:28)} 43. exf5+ {
(00:56)} Kxf5 {(00:06)} 44. Rh5+ {(01:07)} Ke6 {(
01:15)} 45. Rh4 {(00:37)} Rd4 {(00:40)} 46. Rc3 {(01:32)}
Kd5 {(00:54)} 47. Rh8 {(00:55)} Rb4 {(13:58)} 48. Rd8+ {
(01:51)} Rd6 {(00:06)} 49. Rg8 {(03:44)} Kd4 {(01:
27)} 50. Rc1 {(03:56)} Ke3 {(00:42)} 51. Rxg4 {(02:08)}
Rxg4+ {(01:57)} 52. Kxg4 {(00:05)} Rg6+ {(04:30)} 53. Kf5
{(00:51)} Rxg2 {(00:38)} 54. Kxe5 {(00:55)} Kxd3 {(
00:46] Ke4+} 1/2-1/2

[Event "42nd Olympiad Baku 2016 Women"]
[Site "Baku"]
[Date "2016.09.03"]
[Round "2.5"]
[White "Vovk, Oksana"]
[Black "Stefanova, Antoaneta"]
[Result "0-1"]
[ECO "D30"]
[WhiteElo "2204"]
[BlackElo "2515"]
[Annotator ""]
[PlyCount "110"]
[EventDate "2016.??.??"]
[EventCountry "AZE"]
[SourceTitle "playchess.com"]
[Source "ChessBase"]
[WhiteTeam "Denmark"]
[BlackTeam "Bulgaria"]
[WhiteTeamCountry "DEN"]
[BlackTeamCountry "BUL"]
[TimeControl "40/5400+30:1800+30"]

1. d4 {(00:00)} d5 {(00:00)} 2. c4 {(00:00)} e6 {(
00:00)} 3. Nf3 {(00:13)} c6 {(00:00)} 4. e3 {(00:30)} Bd6
{(01:12)} 5. b3 {(03:08)} f5 {(01:54)} 6. Be2 {(04:
34)} Nf6 {(01:49)} 7. O-O {(03:26)} Qe7 {(00:36)} 8. Bb2 {
(00:49)} O-O {(01:14)} 9. Ne5 {(06:55)} Bd7 {(06:
56)} 10. Nd2 {(04:13)} Be8 {(04:48)} 11. f4 {(04:10)} c5 {
(06:30)} 12. Rc1 {(03:20)} Nc6 {(01:12)} 13. Ndf3 {
(05:38)} Rd8 {(09:39)} 14. Qe1 {(04:58)} Ne4 {(03:
57)} 15. Bd3 {(06:41)} cxd4 {(04:51)} 16. exd4 {(06:06)}
Ba3 {(01:37)} 17. Qe2 {(05:55)} Bh5 {(26:46)} 18. Nxc6 {
(06:34)} bxc6 {(00:09)} 19. c5 {(05:04)} Bb4 {(01:
34)} 20. Rc2 {(00:21)} Rde8 {(09:08)} 21. Qe3 {(01:00)}
Bxf3 {(00:07)} 22. Rxf3 {(03:38)} Ba5 {(00:30)} 23. a3 {
(05:57)} Bc7 {(00:24)} 24. g3 {(02:13)} Rb8 {(00:
38)} 25. Ba6 {(01:12)} h6 {(00:51)} 26. b4 {(01:03)} g5 {
(00:36)} 27. fxg5 {(02:04)} hxg5 {(00:06)} 28. Rg2 {
(01:01)} Rf7 {(04:01)} 29. Bd3 {(05:35)} a5 {(05:
01)} 30. Qe1 {(00:13)} g4 {(00:30)} 31. Bxe4 {(02:58)}
dxe4 {(01:26)} 32. Rf1 {(00:34)} axb4 {(00:44)} 33. axb4 {
(00:03)} Qd7 {(00:20)} 34. Bc3 {(00:53)} Qd5 {(00:
52)} 35. Qe3 {(02:30)} Bd8 {(01:37)} 36. Rb2 {(00:46)} Bf6
{(00:54)} 37. Rd1 {(01:13)} Kg7 {(00:50)} 38. Rdb1 {
(00:23)} Ra7 {(01:48)} 39. Rd2 {(01:31)} Ra3 {(01:
13)} 40. Qf4 {(00:00)} Rb7 {(00:00)} 41. Qe3 {(03:50)} Kg6
{(03:58)} 42. Ra1 {(03:06)} Rb3 {(12:22)} 43. Rdd1 {
(04:41)} R7xb4 {(02:41)} 44. Ra8 {(02:01)} Rc4 {(
06:30)} 45. Rf8 {(03:04)} Bg7 {(06:19)} 46. Rg8 {(00:22)}
Rcxc3 {(02:07)} 47. Rxg7+ {(00:17)} Kxg7 {(00:04)} 48.
Qg5+ {(00:15)} Kf7 {(00:11)} 49. Qh5+ {(00:54)} Ke7 {
(00:06)} 50. Qh7+ {(02:42)} Kd8 {(00:08)} 51. Qh8+ {
(00:24)} Kc7 {(00:08)} 52. Ra1 {(01:06)} Ra3 {(00:
34)} 53. Rb1 {(00:26)} Rcb3 {(00:06)} 54. Qg7+ {(00:21)}
Qd7 {(00:35)} 55. Qe5+ {(00:09)} Kb7 {(00:06)} 0-1